AoeStats
← Lord Ulrich

Arena

509739372Analyzed
1v1 RM · 5d ago on Sep 27, 2026· 42m 51s· 2 players
Game mode
Random Map
Map size
Tiny (2 player)
Population
200
Speed
Normal
Resources
Standard
Victory
Conquest
Starting age
Dark Age
Ending age
Imperial Age
RankedLock teamsTeams togetherTeam positionsShared explorationLock speedFull tech treeHidden civsTurbo modeCheats
Victory
Defeat
🇲🇽 Mongols · Mexico
534
+12
🇷🇴 Chinese · Romania
449
-12
Adrian
11:09 Feudal Age
12:26 Wheelbarrow
11:33 Horse Collar
11:42 Double-Bit Axe
21:24 Castle Age
20:32 Gold Mining
21:03 Stone Mining
23:17 Hand Cart
23:20 Bow Saw
23:39 Heavy Plow
24:29 Stone Shaft Mining
24:39 Gold Shaft Mining
24:49 Gold Shaft Mining
25:08 Loom
25:10 Town Watch
30:44 Town Patrol
33:49 Arson
34:04 Squires
33:26 Pikeman
34:46 Bloodlines
33:57 Light Cavalry
38:07 Imperial Age
37:55 Husbandry
38:41 Masonry
39:56 Chemistry
38:20 Elite Chu Ko Nu
39:47 Conscription
39:04 Sappers
39:14 Halberdier
40:56 Heavy Rocket Cart
Lord Ulrich
9:08 Loom
11:00 Feudal Age
12:50 Wheelbarrow
21:36 Castle Age
23:04 Double-Bit Axe
23:01 Horse Collar
24:41 Hand Cart
30:06 Imperial Age
29:09 Bow Saw
29:01 Heavy Plow
28:24 Crossbowman
28:46 Elite Skirmisher
31:21 Light Cavalry
32:02 Husbandry
32:16 Bloodlines
32:06 Husbandry
34:46 Chemistry
35:12 Nomads
35:35 Husbandry
36:00 Ballistics
35:54 Masonry
36:53 Drill
38:28 Careening
38:17 Murder Holes
38:33 Thumb Ring
42:35 Onager
Connection lost

Rejoining the realm…

Still unreachable

The connection could not be restored.

Session expired

The server has moved on; the page needs a fresh start.